 Dungeon Crawl Stone Soup version 0.24-b1 (webtiles) character file.

Game seed: 11082273782770440232, levelgen mode: deterministic

105 Gildeon the Shooter (level 4, -1/37 HPs)
             Began as a Centaur Hunter on Oct 12, 2019.
             Was an Initiate of Okawaru.
             Slain by an iron imp (3 damage)
             ... summoned by Eustachio
             ... on level 4 of the Dungeon.
             The game lasted 00:12:43 (2450 turns).

Gildeon the Shooter (Centaur Hunter)                Turns: 2450, Time: 00:12:44

Health: -1/37      AC:  9    Str: 14    XL:     4   Next: 54%
Magic:  4/4        EV:  2    Int: 10    God:    Okawaru [......]
Gold:   48         SH:  0    Dex: 11    Spells: 3/3 levels left

rFire    + . .     SeeInvis .   a - +1 shortbow
rCold    . . .     Gourm    .   (shield currently unavailable)
rNeg     . . .     Faith    .   u - +0 plate armour
rPois    .         Spirit   .   (no helmet)
rElec    .         Reflect  .   l - +0 cloak
rCorr    .         Harm     .   (no gloves)
MR       .....                  (no barding)
Stlth    ..........             s - amulet of the acrobat
HPRegen  0.12/turn              v - ring of protection from fire
MPRegen  0.09/turn              (no ring)

@: very quick
A: large, hooves 3, deformed body, speed 2, tough skin 3
a: Renounce Religion


You were on level 4 of the Dungeon.
You worshipped Okawaru.
Okawaru was noncommittal.
You were not hungry.

You visited 1 branch of the dungeon, and saw 4 of its levels.

You collected 48 gold pieces.

Inventory:

Hand Weapons
 a - a +1 shortbow (weapon)
 b - a +0 short sword
Missiles
 d - 117 arrows (quivered)
Armour
 c - a +0 leather armour
 l - a +0 cloak (worn)
 m - a +0 ring mail
 n - a +0 robe
 r - a +0 chain mail
 u - a +0 plate armour (worn)
Jewellery
 s - an amulet of the acrobat (around neck)
 v - a ring of protection from fire (left hand)
Scrolls
 i - 2 scrolls of identify
 j - 2 scrolls of remove curse
 k - a scroll of amnesia {unknown}
 o - a scroll of enchant weapon {unknown}
 q - a scroll of fog
 t - a scroll of magic mapping {unknown}
Potions
 e - 2 potions of degeneration {unknown}
 g - a potion of agility
 p - 3 potions of haste {unknown}
Comestibles
 f - 4 rations
 h - a chunk of flesh


   Skills:
 + Level 2.4 Fighting
 * Level 6.7 Bows
 + Level 1.4 Armour
 + Level 1.8 Dodging
 - Level 0.4 Stealth


You had 3 spell levels left.
You didn't know any spells.
Your spell library was empty.

Dungeon Overview and Level Annotations

Branches:
Dungeon (4/15)
 Temple: D:4-7

Altars:
Okawaru
Xom

Annotations:
D:4 Eustachio, Sigmund


Innate Abilities, Weirdness & Mutations

You have hooves in place of feet.
Armour fits poorly on your strangely shaped body.
You cover ground very quickly.
You have extremely tough skin. (AC +3)


Message History

Firing (i - inventory)
d - 119 arrows (quivered)
Press: ? - help, Shift-Dir - straight line, f/p - Eustachio
Aim: Eustachio, wielding a +2 rapier of venom, wearing a +3 leather armour of poison resistance and carrying a wand of flame (8) (severely wounded)
You shoot an arrow. The arrow closely misses Eustachio.
Eustachio casts a spell.
Eustachio blinks!
The iron imp hits you.
* * * LOW HITPOINT WARNING * * *
The iron imp hits you.
* * * LOW HITPOINT WARNING * * *
The frilled lizard bites you but does no damage.
The leopard gecko skeleton bites you but does no damage.
Firing (i - inventory)
d - 118 arrows (quivered)
Press: ? - help, Shift-Dir - straight line, f/p - Eustachio
Aim: Eustachio, wielding a +2 rapier of venom, wearing a +3 leather armour of poison resistance and carrying a wand of flame (8) (severely wounded)
You shoot an arrow. The arrow barely misses the iron imp.
The arrow closely misses Eustachio.
The shadow imp barely misses you.
The frilled lizard bites you but does no damage.
The leopard gecko skeleton bites you but does no damage.
The iron imp hits you.
You die...

#.... ...# #..##
#@..### #....(#
#.....# #######
#.....#
##...l.##?..#.....#
#...@Z......#.....#
#..555.##..##.##..#
#...(..##. #. ##'#
#.<....(.? .. #..#
##(($.(##. ... #<.#
#(....# .... #..#
....@.# ### #..#
.(..(...# ...#
........# #...#


You could see Eustachio, 2 iron imps, a shadow imp, a frilled lizard and a
leopard gecko skeleton.

Vanquished Creatures
  A hound skeleton (D:4)
  3 adders
  A worm (D:3)
  A dart slug (D:3)
  4 leopard geckos
  A giant cockroach (D:2)
  7 goblins
  9 hobgoblins
  A quokka (D:2)
  2 ball pythons
  7 bats
  2 frilled lizards
  10 kobolds
  10 rats
59 creatures vanquished.

Notes
Turn   | Place    | Note
-------+----------+-------------------------------------------
     0 | D:1      | Gildeon the Centaur Hunter began the quest for the Orb.
     0 | D:1      | Reached XP level 1. HP: 17/17 MP: 1/1
   241 | D:1      | Reached XP level 2. HP: 24/24 MP: 2/2
   678 | D:2      | Reached skill level 6 in Bows
   904 | D:2      | Reached skill level 1 in Armour
  1066 | D:2      | Found a shimmering altar of Xom.
  1169 | D:2      | Reached XP level 3. HP: 24/29 MP: 3/3
  1389 | D:2      | Found a faded altar of an unknown god.
  1708 | D:3      | Found an iron altar of Okawaru.
  1765 | D:3      | Became a worshipper of Warmaster Okawaru
  1841 | D:3      | Reached XP level 4. HP: 33/36 MP: 4/4
  2335 | D:4      | Noticed Eustachio
  2398 | D:4      | Noticed Sigmund
  2450 | D:4      | Slain by an iron imp

Skill      XL: |  1  2 |
---------------+-------+-----
Bows           | 6 |  6.7
Armour         | 1 |  1.4
Fighting       | |  2.4
Dodging        | |  1.8
Stealth        | |  0.4

Action                   |  1- 3 |  4- 6 || total
-------------------------+-------+-------++-------
 Fire: Shortbow          |   150 |    62 ||   212
  Use: Scroll            |     5 |       ||     5
       Potion            |     1 |       ||     1
  Eat: Chunk             |     1 |     2 ||     3
Armor: Leather armour    |     3 |       ||     3
       Chain mail        |     9 |       ||     9
       Plate armour      |    18 |    40 ||    58
Dodge: Dodged            |    16 |     6 ||    22
